 Dungeon Crawl Stone Soup version 0.17.1-1-g73c8601 (webtiles) character file.

4692 Rationalist the Blocker (level 10, -2/118 HPs)
             Began as a Formicid Fighter on Dec 13, 2015.
             Was a Believer of Qazlal.
             Killed by divine providence
             ... invoked by an orc priest
              (12 damage)
             ... on level 12 of the Dungeon.
             The game lasted 00:14:43 (8855 turns).

Rationalist the Blocker (Formicid Fighter)          Turns: 8855, Time: 00:14:44

Health: -2/118     AC: 25    Str: 24    XL:     10   Next: 72%
Magic:  10/10      EV:  2    Int: 12    God:    Qazlal [**....]
Gold:   333        SH: 16    Dex: 17    Spells: 0 memorised, 9 levels left

rFire  . . .     SeeInvis .     i - +2 hand axe (vamp)
rCold  . . .     Clarity  +     (armour currently unavailable)
rNeg   + + +     SustAt   .     c - +0 shield
rPois  +         Gourm    .     (helmet unavailable)
rElec  .         Spirit   .     (cloak currently unavailable)
rCorr  .         Warding  .     (gloves currently unavailable)
rMut   .         Stasis   +     (boots currently unavailable)
MR     +....                    (no amulet)
Stlth  ++........               q - ring of poison resistance
                                m - +4 ring of dexterity

@: brilliant, tree-form, somewhat resistant to hostile enchantments, unstealthy
A: permanent stasis, dig shafts and tunnels, four strong arms, (antennae 0),
blurry vision 1, breathe flames 1, clarity, strong 1, no device heal 1
a: Upheaval, Renounce Religion, Breathe Fire


You were on level 12 of the Dungeon.
You worshipped Qazlal.
Qazlal was pleased with you.
You were hungry.
You were a tree.
You visited 2 branches of the dungeon, and saw 11 of its levels.

You collected 333 gold pieces.

Inventory:

Hand Weapons
 i - a +2 vampiric hand axe (weapon)
Missiles
 f - 19 poisoned sling bullets
 s - 42 bolts
Armour
 c - a +0 shield (worn)
 r - a +1 robe of the Archmagi
 v - a +2 leather armour of positive energy (melded)
Jewellery
 m - a +4 ring of dexterity (left branch)
 n - an uncursed ring of stealth
 q - a ring of poison resistance (right branch)
Wands
 u - a wand of teleportation (2)
Scrolls
 e - 13 scrolls of remove curse
 k - 2 scrolls of fear
 o - a scroll of recharging
 p - 5 scrolls of enchant weapon
 w - a scroll of immolation
 x - a scroll of enchant armour
 A - 3 scrolls of identify
 B - a scroll of fog
 D - a scroll of blinking {unknown}
Potions
 j - 2 potions of poison
 t - 2 potions of magic
Comestibles
 a - 5 bread rations
 b - a slice of pizza
 l - 4 meat rations
 z - 3 fruits


   Skills:
 + Level 7.1 Fighting
 + Level 6.8 Axes
 + Level 0.1 Throwing
 + Level 5.8 Armour
 + Level 7.1 Dodging
 + Level 2.2 Stealth
 + Level 10.1 Shields


You had 9 spell levels left.
You didn't know any spells.

Dungeon Overview and Level Annotations

Branches:
Dungeon (12/15)            Temple (1/1) D:4
   Lair: D:8-11         Orc: D:9-12

Altars:
Ashenzari
Cheibriados
Dithmenos
Fedhas
Nemelex Xobeh
Okawaru
Qazlal
Trog
Vehumet
Xom
Yredelemnul
The Shining One

Annotations:
D:6 1 runed door
D:7 Prince Ribbit


Innate Abilities, Weirdness & Mutations

You are under a permanent stasis effect.
You can dig through walls and to a lower floor.
Your four strong arms can wield two-handed weapons with a shield.
((You have a pair of large antennae on your head (SInv).))
Scrolls take you a little longer to read.
You can breathe flames.
You possess an exceptional clarity of mind.
Your muscles are strong. (Str +2)
Potions and wands are less effective at restoring your health.


Message History

Your roots penetrate the ground.
You block the slime creature's attack.
A large slime creature splits.
A kobold comes into view. It is wielding a dagger of venom.
You slash the slime creature!
The slime creature is lightly wounded.
You block the slime creature's attack.
The kobold moves out of view.
Two slime creatures merge to form a very large slime creature.
Two slime creatures merge to form an enormous slime creature.
You slash the slime creature!
The slime creature is moderately wounded.
You hear a shout!
The slime creature is engulfed in roaring flames.
The slime creature hits you!
* * * LOW HITPOINT WARNING * * *
You hit the slime creature.
You feel better.
The slime creature is heavily wounded.
You hear a shout!
The orc priest invokes the aid of Beogh against you.
Something smites you!
You die...

........................
........................
........................
.......K................
........................
..............o.K.......
...........{{{KJoK......
..........######J#######
..........#.....♣......#
..........#......§.....#
..........#..........[.#
..........##############


You could see an enormous slime creature, a slime creature, an orc priest, an
orc and 2 kobolds.

Vanquished Creatures
  Harold (D:12)
  The ghost of Rationalist the Shield-Bearer, an amateur FoFi (D:3)
  A hungry ghost (D:12)
  2 hippogriffs (D:8)
  A water moccasin (D:6)
  Duvessa (D:4)
  3 ogres
  2 sky beasts
  2 black bears
  2 orc warriors
  A phantom (D:4)
  2 centaurs
  2 ice beasts
  A tengu (shapeshifter) (D:12)
  3 giant frogs (D:8)
  2 big kobolds
  Dowan (D:4)
  4 scorpions
  3 killer bees (D:12)
  A centaur zombie (D:6)
  2 jellies
  A giant frog skeleton (D:12)
  6 hounds
  2 orc priests
  A quasit (D:3)
  6 orc wizards
  4 worker ants
  A killer bee zombie (D:5)
  3 iguanas
  2 hound zombies
  2 hound skeletons
  16 adders
  A gnoll (D:4)
  2 shadow imps (D:12)
  4 oozes
  5 worms
  3 giant geckos
  29 orcs
  12 bats
  5 giant cockroaches
  4 hobgoblins
  14 jackals
  3 quokkas
  2 ball pythons
  6 giant newts
  6 goblins
  A jackal skeleton (D:6)
  17 kobolds
  5 rats
201 creatures vanquished.

Notes
Turn   | Place    | Note
--------------------------------------------------------------
     0 | D:1      | Rationalist the Formicid Fighter began the quest for the Orb.
     0 | D:1      | Reached XP level 1. HP: 18/18 MP: 1/1
   568 | D:1      | Reached XP level 2. HP: 24/24 MP: 2/2
   820 | D:1      | Reached skill level 4 in Shields
   933 | D:1      | Reached XP level 3. HP: 29/29 MP: 3/3
  1144 | D:2      | Reached skill level 1 in Dodging
  1288 | D:2      | Reached XP level 4. HP: 19/36 MP: 4/4
  1566 | D:2      | Found a radiant altar of Vehumet.
  1729 | D:2      | Gained mutation: You have sharp toenails. [potion of mutation]
  1729 | D:2      | Gained mutation: You occasionally shout uncontrollably at your foes. [potion of mutation]
  1729 | D:2      | Gained mutation: You possess an exceptional clarity of mind. [potion of mutation]
  2309 | D:3      | Reached XP level 5. HP: 40/42 MP: 5/5
  2616 | D:3      | Noticed Rationalist's ghost (amateur FoFi)
  2645 | D:3      | Killed Rationalist's ghost
  2645 | D:3      | Reached skill level 5 in Shields
  2645 | D:3      | Reached XP level 6. HP: 45/49 MP: 6/6
  2645 | D:3      | Reached XP level 7. HP: 50/55 MP: 7/7
  3231 | D:4      | Found a staircase to the Ecumenical Temple.
  3258 | Temple   | Entered the Ecumenical Temple
  3278 | Temple   | Became a worshipper of Qazlal Stormbringer
  3320 | D:4      | Reached skill level 5 in Fighting
  3630 | D:4      | Noticed Dowan
  3632 | D:4      | Noticed Duvessa
  3649 | D:4      | Killed Duvessa
  3649 | D:4      | Reached skill level 5 in Armour
  3649 | D:4      | Reached skill level 6 in Shields
  3649 | D:4      | Reached XP level 8. HP: 44/62 MP: 8/8
  3663 | D:4      | Killed Dowan
  4444 | D:5      | Entered Level 5 of the Dungeon
  4600 | D:5      | Reached skill level 1 in Stealth
  4997 | D:5      | Reached skill level 7 in Shields
  5340 | D:5      | Reached * piety under Qazlal
  5738 | D:6      | Reached skill level 5 in Axes
  5738 | D:6      | Reached XP level 9. HP: 67/69 MP: 9/9
  6154 | D:6      | Reached skill level 5 in Dodging
  6199 | D:6      | Found a runed door.
  6205 | D:6      | Found a basalt altar of Yredelemnul.
  6403 | D:6      | Reached skill level 8 in Shields
  7046 | D:7      | Noticed Prince Ribbit
  7158 | D:7      | Reached ** piety under Qazlal
  7659 | D:8      | Reached XP level 10. HP: 77/77 MP: 10/10
  7840 | D:8      | Reached skill level 9 in Shields
  7849 | D:8      | Gained mutation: Your muscles are strong. (Str +2) [potion of mutation]
  7849 | D:8      | Gained mutation: You can breathe flames. [potion of mutation]
  7849 | D:8      | Lost mutation: You have sharp toenails. [potion of mutation]
  7850 | D:8      | Lost mutation: You occasionally shout uncontrollably at your foes. [potion of mutation]
  7850 | D:8      | Gained mutation: Potions and wands are less effective at restoring your health. [potion of mutation]
  7850 | D:8      | Gained mutation: Scrolls take you a little longer to read. [potion of mutation]
  8272 | D:9      | You fall through a shaft for 3 floors!
  8320 | D:12     | Noticed Harold
  8364 | D:12     | HP: 5/115 [Harold/bolt of fire (9)]
  8384 | D:12     | Killed Harold
  8763 | D:12     | Reached skill level 10 in Shields
  8855 | D:12     | Killed from afar by an orc priest

Action                   |  1- 3 |  4- 6 |  7- 9 | 10-12 || total
-------------------------+-------+-------+-------+-------++-------
Melee: War axe           |    24 |       |       |       ||    24
       Hand axe          |    46 |   156 |   527 |   208 ||   937
Throw: Tomahawk          |       |       |       |     2 ||     2
 Abil: Dig               |       |       |     1 |       ||     1
       Shaft Self        |       |       |       |     1 ||     1
  Use: Scroll            |     1 |     2 |    11 |       ||    14
       Potion            |     1 |     3 |     1 |    10 ||    15
 Stab: Sleeping          |       |       |     1 |       ||     1
  Eat: Fruit             |     2 |       |       |       ||     2
       Bread ration      |     1 |       |       |       ||     1
       Chunk             |       |     4 |    17 |     5 ||    26
